molly, chaotic female human Rogue --------- ----- -------- |........#######....| +# |......@# |.......| # # |...| # |..|## ####....| ### |......|# #.....(..-# #-.......| # |...| # |......|# ###|{......|####-.------- ##....| ##.......|# # |.......|## ## ----- --------# ### |........## # # # |.......|# ### % # ---------# # ###^ # ### ### #-----# # # #....|# ### ############# |....# # -------------|-- |...| ### |..............| ----- # |....)......[..| #%|............%.| ---------------- molly the Rogue Experience level: 9 Strength: 15 Dexterity: 18 Constitution: 18 Intelligence: 8 Wisdom: 12 Charisma: 9 Health: 0(82) Energy: 44(44) Def: 7 Gold: 0 Moves: 15274 Dungeon seed: E_Pf4MR_xDf6h7M- Game ID: molly_1521943764 Your Inventory: Weapons a - a blessed +1 elven dagger named Sharptooth (weapon in hand) b - 12 uncursed +0 daggers (in quiver) x - an uncursed +0 elven dagger Armor q - an uncursed thoroughly rusty +0 dwarvish iron helm (being worn) r - an uncursed +1 dwarvish cloak (being worn) y - an uncursed thoroughly rusty +0 pair of iron shoes (being worn) N - an uncursed +1 elven mithril-coat (being worn) T - an uncursed rusty +0 Uruk-hai shield (being worn) Comestibles u - an uncursed orange D - an uncursed lizard corpse Wands g - an uncursed wand of striking (0:2) t - an uncursed wand of make invisible (0:2) Y - an uncursed wand of magic missile (0:1) Tools h - an uncursed +0 unicorn horn k - an uncursed skeleton key p - a blessed magic lamp (lit) s - an uncursed sack w - an uncursed magic whistle B - an uncursed bag of holding Contents of the bag of holding: 8621 gold pieces an uncursed +2 dagger named nc an uncursed +0 dwarvish mattock 3 uncursed +0 elven daggers an uncursed +0 long sword an uncursed +0 dwarvish cloak an uncursed clove of garlic 5 uncursed food rations an uncursed tripe ration a cursed scroll of create monster a blessed scroll of enchant weapon an uncursed scroll of enchant weapon an uncursed scroll of gold detection an uncursed scroll of remove curse a cursed scroll of teleportation an uncursed potion of extra healing an uncursed potion of full healing an uncursed potion of levitation a cursed potion of object detection a cursed ring of stealth an uncursed expensive camera (0:53) an uncursed mirror an uncursed +0 pick-axe named nc Spells and supernatural/magical abilities: Name Level Category Fail Memory W - pray for help -- divine ? -- Your skills at the end: Fighting Skills Weapon Skills dagger [Expert] short sword [Basic] Spellcasting Skills Final Attributes: You were piously aligned. You were fire resistant. You were poison resistant. You were telepathic. You were stealthy. You are dead. Vanquished creatures: 2 giant mimics a large mimic a long worm a giant zombie a troll 2 freezing spheres a shocking sphere a large cat 4 tengu a leocrotta a python a giant beetle a quivering blob a cockatrice 3 wolves a winter wolf cub 29 leprechauns 2 scorpions a black light a vampire bat 2 gnome kings an orc mummy 2 dwarf mummies 2 rust monsters a lizard 2 dogs 2 dingos 4 housecats a dwarf lord a white unicorn a dust vortex 4 ravens 2 gnome mummies a snake an ape a human zombie a bugbear 2 wood nymphs 5 water nymphs a mountain nymph 3 Mordor orcs 2 Uruk-hai 3 rock piercers 5 rock moles 2 ponies 2 fog clouds a yellow light 5 shriekers 3 violet fungi 12 gnome lords 2 gnomish wizards 2 red naga hatchlings 2 black naga hatchlings a golden naga hatchling 2 guardian naga hatchlings 3 gray oozes a barrow wight 2 elf zombies a ghoul a straw golem 2 paper golems 7 giant ants 2 little dogs 6 floating eyes 2 kittens 8 dwarves 2 kobold lords 7 hill orcs 10 rothes 4 centipedes 2 giant bats 6 monkeys 2 dwarf zombies 2 werejackals an iguana 2 killer bees 4 acid blobs a coyote 7 hobbits 2 manes 2 large kobolds 3 hobgoblins 6 giant rats 5 cave spiders 2 brown molds a yellow mold 6 green molds a red mold 34 gnomes 3 garter snakes 3 gnome zombies 8 geckos 15 jackals a fox 2 kobolds 8 goblins 11 sewer rats 6 grid bugs 2 bats 11 lichens 4 kobold zombies 9 newts 370 creatures vanquished. Voluntary challenges: You used a wielded weapon 550 times, starting on turn 70. You read items or engraved 292 times, starting on turn 1070. You never genocided any monsters. You never polymorphed an object. You never changed form. You used no wishes. You never split a pudding. You wrote Elbereth's name 279 times, starting on turn 1070. You never violated your personal moral code. Dungeon overview: The Dungeons of Doom: levels 1 to 13 Level 1 a long staircase Level 2 a fountain stairs to The Gnomish Mines Level 3 Level 4 an altar to Mog Level 5 (STASH) Level 6 many fountains Level 7 a fountain stairs to Sokoban Level 8 a general store, a fountain Level 9 an altar to Mog Level 10 Level 11 Level 12 <- You were here a fountain Level 13 (quest entrance) The Gnomish Mines: levels 3 to 7 Level 3 stairs to The Dungeons of Doom Level 4 Level 5 Level 6 some shops, a temple to Issek, some fountains Level 7 Sokoban: levels 3 to 6 Level 3 Level 4 Level 5 Level 6 stairs to The Dungeons of Doom History has recorded: On T:1 you entered the Dungeons of Doom to retrieve the Amulet of Yendor! On T:68 you reached level 2 of The Dungeons of Doom. On T:701 you reached level 1 of The Gnomish Mines. On T:873 you reached level 3 of The Dungeons of Doom. On T:922 you advanced to experience level 2. On T:1282 you reached level 4 of The Dungeons of Doom. On T:1457 you reached level 5 of The Dungeons of Doom. On T:1603 you advanced to experience level 3. On T:1888 you reached level 6 of The Dungeons of Doom. On T:2049 you advanced to experience level 4. On T:2504 you advanced to experience level 5. On T:2650 you reached level 7 of The Dungeons of Doom. On T:2726 you reached level 8 of The Dungeons of Doom. On T:2952 you reached level 4 of Sokoban. On T:3395 you reached level 3 of Sokoban. On T:3697 you advanced to experience level 6. On T:4390 you reached level 2 of Sokoban. On T:4845 you reached level 1 of Sokoban. On T:4982 you advanced to experience level 7. On T:7444 you advanced to experience level 8. On T:8634 you reached level 2 of The Gnomish Mines. On T:9326 you reached level 3 of The Gnomish Mines. On T:9394 you reached level 4 of The Gnomish Mines. On T:9460 you reached level 5 of The Gnomish Mines. On T:12190 you reached level 9 of The Dungeons of Doom. On T:12312 you advanced to experience level 9. On T:12358 you reached level 10 of The Dungeons of Doom. On T:14325 you reached level 11 of The Dungeons of Doom. On T:14551 you reached level 12 of The Dungeons of Doom. On T:14999 you reached level 13 of The Dungeons of Doom. Score breakdown: Gold: 8621 (13387 points) Experience: 9 levels (15756 points) Exploration: 13 levels ( 26.53%) (15000 points) Discoveries: 18 items ( 6.04%) ( 7373 points) Valuables value: (no points given unless you survive) Artifact value: 0 ( 0 points) Variety of kills: 102 monsters ( 26.77%) (15522 points) Turncount: 15274 turns (-3004 points) Survival: died (score multiplied by 80%) Total score: 51227 Latest messages: You are hit by a runed dagger. x - a runed dagger. The Green-elf wields a runed broadsword! The runed broadsword welds itself to the Green-elf's hand! The ape hits! (2x) The ape misses. That command is only available in debug mode. You write in the dust with your fingers. The ape turns to flee! (2x) The magic missile hits the Green-elf! The magic missile bounces! The Green-elf swings her runed broadsword. The Green-elf hits! You begin praying to Kos. The Green-elf swings her runed broadsword. The Green-elf hits! You die... The sack is empty. The sack is empty. Final status: Goodbye molly the Rogue, killed by a Green-elf, while praying... You died in The Dungeons of Doom on dungeon level 12 with 51227 points, and 8621 pieces of gold, after 15274 moves. You were level 9 with a maximum of 82 hit points when you died.